 Dungeon Crawl Stone Soup version 0.17.0-7-gfadd4cc (console) character file.

38 gw the Vexing (level 3, -4/18 HPs)
             Began as a Spriggan Arcane Marksman on Nov 9, 2015.
             Slain by a worm (9 damage)
             ... on level 2 of the Dungeon.
             The game lasted 00:01:36 (2074 turns).

gw the Vexing (Spriggan Arcane Marksman)            Turns: 2074, Time: 00:01:36

Health: -4/18      AC:  2    Str:  7    XL:     3   Next: 25%
Magic:  5/7        EV: 18    Int: 15    God:
Gold:   119        SH:  0    Dex: 15    Spells: 1 memorised, 5 levels left

rFire  . . .     SeeInvis +     b - +0 short sword
rCold  . . .     Clarity  .     c - +0 robe
rNeg   . . .     SustAt   .     (shield restricted)
rPois  .         Gourm    .     (helmet restricted)
rElec  .         Spirit   .     (no cloak)
rCorr  .         Warding  .     (gloves unavailable)
rMut   .         Stasis   .     (boots unavailable)
MR     .....                    (no amulet)
Stlth  +.........               (no ring)
                                (no ring)

@: very quick, not resistant to hostile enchantments, very unstealthy
A: unfitting armour, see invisible, herbivore 3, speed 3, slow metabolism 2
a: no special abilities


You were on level 2 of the Dungeon.
You were not hungry.

You visited 1 branch of the dungeon, and saw 2 of its levels.

You collected 119 gold pieces.

Inventory:

Hand Weapons
 a - a +0 hunting sling
 b - a +0 short sword (weapon)
Missiles
 f - 48 stones (quivered)
 g - 10 sling bullets
Armour
 c - a +0 robe (worn)
Books
 d - a book of Debilitation

   Spells                             Type                      Level
   a - Corona                         Hexes                        1
   b - Slow                           Hexes                        2
   c - Gell's Gravitas                Hexes/Translocation          3
   d - Inner Flame                    Hexes/Fire                   3
   e - Cause Fear                     Hexes                        4
   f - Leda's Liquefaction            Hexes/Earth                  4
Comestibles
 e - 3 bread rations


   Skills:
 + Level 1.5 Fighting
 + Level 0.4 Short Blades
 + Level 2.9 Slings
 + Level 3.4 Dodging
 * Level 2.1 Spellcasting
 + Level 3.8 Hexes


You had 5 spell levels left.
You knew the following spells:

 Your Spells              Type           Power        Failure   Level  Hunger
a - Corona                Hex            ##.....      6%          1    #......


Dungeon Overview and Level Annotations

Branches:
Dungeon (2/15)

Altars:
Makhleb
Sif Muna


Innate Abilities, Weirdness & Mutations

You are tiny and cannot use many weapons and most armour.
You have supernaturally acute eyesight.
You are a herbivore.
You cover ground extremely quickly.
You need consume almost no food.


Message History

Unknown command.
Unknown command.
Unknown command.
Unknown command.
Unknown command.
Unknown command.
KIIIITING; ATTACKING (0,-1) Wield which item (- for none, * to show all)? (? for menu, Esc to quit)
b - a +0 short sword (weapon)
Unknown command.
Unknown command.
Unknown command.
Unknown command.
Unknown command.
Unknown command.
You hit the worm but do no damage.
The worm is heavily wounded.
The worm bites you!
Ouch! That really hurt!
You die...

#.# #.# ..# #.#
#(# ####.# #(#
.....# #(# ######
#(# #(# #w# #i#
#.# #.#
################.#
.................#
##################


You could see a worm.

Table legend:
 A = Turns spent in this place as a percentage of turns spent in the entire game.
 B = Non-inter-level travel turns spent in this place as a percentage of non-inter-level travel turns spent in the entire game.
 C = Inter-level travel turns spent in this place as a percentage of turns spent in this place.
 D = Turns resting spent in this place as a percentage of non-inter-level travel turns spent in this place.
 E = Turns spent auto-exploring this place as a percentage of non-inter-level travel turns spent in this place.
 F = Non-inter-level travel turns spent in this place divided by the number of levels of this place that you've seen.
                   A       B       C       D       E      F
               +-------+-------+-------+-------+-------+----------------------
         Total | 100.0 | 100.0 |   0.0 |   1.7 |   2.4 | 1270.0
       Dungeon | 100.0 | 100.0 |   0.0 |   1.7 |   2.4 | 1270.0
               +-------+-------+-------+-------+-------+----------------------

Table legend:
 A = Kills in this place as a percentage of kills in entire the game.
 B = Kills by you in this place as a percentage of kills by you in the entire game.
 C = Kills by friends in this place as a percentage of kills by friends in the entire game.
 D = Other kills in this place as a percentage of other kills in the entire game.
 E = Experience gained in this place as a percentage of experience gained in the entire game.
 F = Experience gained in this place divided by the number of levels of this place that you have seen.
                   A       B       C       D       E      F
               +-------+-------+-------+-------+-------+----------------------
         Total | 100.0 | 100.0 |  -nan |  -nan | 100.0 |  27.5
       Dungeon | 100.0 | 100.0 |  -nan |  -nan | 100.0 |  27.5
               +-------+-------+-------+-------+-------+----------------------

Vanquished Creatures
  An adder (D:2)
  An orc (D:2)
  2 ball pythons (D:2)
  3 giant cockroaches
  4 goblins
  5 hobgoblins
  3 kobolds (D:2)
  5 bats
  2 giant newts (D:1)
  A rat (D:1)
27 creatures vanquished.

Notes
Turn   | Place    | Note
--------------------------------------------------------------
     0 | D:1      | gw the Spriggan Arcane Marksman began the quest for the Orb.
     0 | D:1      | Reached XP level 1. HP: 9/9 MP: 3/3
    86 | D:1      | Reached skill level 1 in Fighting
   235 | D:1      | Reached XP level 2. HP: 14/14 MP: 3/5
   747 | D:2      | Found a deep blue altar of Sif Muna.
  1121 | D:2      | Found a burning altar of Makhleb.
  1129 | D:2      | Noticed a balrug
  1792 | D:2      | Reached XP level 3. HP: 10/18 MP: 4/7
  2074 | D:2      | Slain by a worm

Action                   || total
-------------------------++-------
Melee: Short sword       ||    13
 Fire: Hunting sling     ||    66
 Cast: Corona            ||    33

Vault maps used:
D:1:      ncdulo_watergridlock
D:2:      marbit_many_paths, nicolae_dithmenos_through_a_glass_darkly,
          first_bread, makhleb_altar_promises_db
